 Dungeon Crawl Stone Soup version 0.23.1-37-gaa34b87 (webtiles) character file.

Game seed: 17891034998585061613

102 dukemotok the Sneak (level 5, -1/35 HPs)
             Began as a Halfling Assassin on Mar 20, 2019.
             Slain by a leopard gecko (2 damage)
             ... on level 2 of the Dungeon.
             The game lasted 00:40:25 (3383 turns).

dukemotok the Sneak (Halfling Assassin)             Turns: 3383, Time: 00:40:26

Health: -1/35      AC:  4    Str: 12    XL:     5   Next: 5%
Magic:  5/5        EV: 15    Int:  9    God:
Gold:   65         SH:  0    Dex: 17    Spells: 4/4 levels left

rFire    + . .     SeeInvis .   v - +2 dagger (elec)
rCold    . . .     Gourm    .   (shield restricted)
rNeg     . . .     Faith    .   u - +0 leather armour
rPois    .         Spirit   .   (no helmet)
rElec    .         Reflect  .   d - +0 cloak
rCorr    .         Harm     .   (no gloves)
MR       .....                  (no boots)
Stlth    +++.......             (no amulet)
HPRegen  0.11/turn              t - ring of protection from fire
MPRegen  0.09/turn              (no ring)

@: no status effects
A: small, mutation resistance 1
a: no special abilities


You were on level 2 of the Dungeon.
You were not hungry.

You visited 1 branch of the dungeon, and saw 2 of its levels.

You collected 65 gold pieces.

Inventory:

Hand Weapons
 a - a +2 dagger
 b - a +0 blowgun
 h - a +0 hunting sling
 i - a +0 mace
 q - a +0 whip
 r - a +0 spear
 v - a +2 dagger of electrocution (weapon)
Missiles
 e - 8 poisoned needles
 f - 2 curare-tipped needles
 j - 24 arrows
 k - 97 stones (quivered)
 n - 66 bolts
Armour
 c - a +0 robe
 d - a +0 cloak (worn)
 u - a +0 leather armour (worn)
Jewellery
 t - a ring of protection from fire (left hand)
Scrolls
 l - a scroll of blinking
 m - 3 scrolls of teleportation
 p - a scroll of remove curse
Potions
 o - a potion of agility
 s - a potion of flight {unknown}
Comestibles
 g - 2 rations


   Skills:
 - Level 2.3 Fighting
 + Level 2.4 Short Blades
 - Level 0.4 Maces & Flails
 * Level 1.7(2.7) Slings
 - Level 2.0(2.2) Throwing
 + Level 2.6 Dodging
 * Level 5.4 Stealth


You had 4 spell levels left.
You didn't know any spells.
Your spell library was empty.

Dungeon Overview and Level Annotations

Branches:
Dungeon (2/15)

Altars:
Xom


Innate Abilities, Weirdness & Mutations

You are small and have problems with some larger weapons.
You are somewhat resistant to further mutation.


Message History

The leopard gecko misses you.
Really walk into that dispersal trap?
You enter a dispersal trap!
The hippogriff blinks!
The leopard gecko blinks!
You blink.
There is a stone staircase leading down here.
The leopard gecko misses you. The leopard gecko barely misses you.
The leopard gecko closely misses you. The hippogriff bites you!
The hippogriff barely misses you. The hippogriff claws you.
* * * LOW HITPOINT WARNING * * *
There is a stone staircase leading down here.
The leopard gecko hisses menacingly.
The hippogriff bites you.
* * * LOW HITPOINT WARNING * * *
The hippogriff pecks you.
* * * LOW HITPOINT WARNING * * *
The hippogriff misses you. The leopard gecko bites you.
You die...

#.....# #.........#####
#.###.# #.####........##
#.# #.# #..............##
#.# #.#
#..###..#.#...#.## #.#
#.# #..# #...........#
#.# #.# #..#
#.##.#...#.## #.#
#.###..# #.##.##÷...#
#.###......###.l...)..#.#
..............>H@####.#.#
#.########.#####^#
##.#.#### †..l.# #.#
#.###.......# ####.# #.#
.#>.......#.# #.# #.#
.###.#.......# #.# #.. .#
##...#.#.## #.# #####
#.####.#.# #.# #.# #.#.#
#.# #.# #.#.#


You could see a hippogriff and a leopard gecko.

Vanquished Creatures
  A gnoll (D:2)
  4 adders (D:2)
  2 worms (D:2)
  3 dart slugs
  A giant cockroach (D:2)
  7 goblins
  8 hobgoblins
  3 jackals (D:1)
  3 kobolds
  5 bats
  6 frilled lizards
  5 rats
48 creatures vanquished.

Notes
Turn   | Place    | Note
-------+----------+-------------------------------------------
     0 | D:1      | dukemotok the Halfling Assassin began the quest for the
                  | Orb.
     0 | D:1      | Reached XP level 1. HP: 14/14 MP: 1/1
    82 | D:1      | Found a shimmering altar of Xom.
   108 | D:1      | Reached XP level 2. HP: 16/19 MP: 2/2
   309 | D:1      | Reached skill level 5 in Stealth
   928 | D:1      | Reached XP level 3. HP: 20/24 MP: 3/3
  1994 | D:2      | Reached XP level 4. HP: 26/29 MP: 4/4
  2111 | D:2      | Reached skill level 1 in Slings
  3108 | D:2      | Reached XP level 5. HP: 24/34 MP: 5/5
  3308 | D:2      | Noticed a hippogriff
  3382 | D:2      | HP: 1/35 [hippogriff (3)]
  3383 | D:2      | Slain by a leopard gecko

Skill      XL: |  1  2  3  4 |
---------------+-------------+-----
Stealth        | 5 |  5.4
Fighting       | 2 |  2.3
Dodging        | 2 |  2.6
Slings         | 1 |  1.7
Short Blades   | |  2.4
Maces & Flails | |  0.4
Throwing       | |  2.0

Action                   |  1- 3 |  4- 6 || total
-------------------------+-------+-------++-------
Melee: Mace              |    96 |    38 ||   134
       Blowgun           |     7 |       ||     7
       Dagger            |     3 |    12 ||    15
 Fire: Hunting sling     |     8 |       ||     8
Throw: Stone             |    14 |       ||    14
  Use: Scroll            |     3 |     2 ||     5
       Potion            |     1 |     1 ||     2
 Stab: Sleeping          |       |     4 ||     4
  Eat: Ration            |     1 |     2 ||     3
Armor: Robe              |    25 |     4 ||    29
       Leather armour    |       |     6 ||     6
Dodge: Dodged            |   127 |    59 ||   186
